Map: Central Protocol

Players

Frozzen

  • Race: Zerg Zerg
  • League: Diamond

Zalot - Winner!

  • Race: Protoss Protoss
  • League: Gold

VOD

Have the link to the VOD?

Description

Time

  • Played on: Nov. 20, 2015, 11:36 a.m.
  • Length: 3:23
Show
View Real Time Build Order
Export as new Build Order

Frozzen Zerg 

Build Orders: Pool First 

Get SALT Encoding   

  12  0:01  Drone  
  13  0:09  Drone  
  14  0:20  Drone, Extractor  
  14  0:32  Spawning Pool  
  13  0:35  Drone  
  14  0:43  Drone, Extractor  
  15  0:51  Overlord  
  15  1:19  Zergling x2, Queen  
  15  1:20  Zergling x2  
  15  1:22  Metabolic Boost  
  19  1:26  Zergling x2  
  20  1:36  Zergling x2  
  21  1:43  Zergling x2  
  22  1:59  Hatchery  
  21  2:02  Overlord  
Show
View Real Time Build Order
Export as new Build Order

Zalot Protoss - Winner!

Build Orders:  

Get SALT Encoding   

  12  0:01  Probe (Chrono Boost)  
  13  0:12  Probe (Chrono Boost)  
  14  0:22  Probe (Chrono Boost), Pylon  
  15  0:35  Pylon  
  15  0:43  Gateway  
  15  0:46  Probe (Chrono Boost)  
  17  0:57  Probe (Chrono Boost)  
  17  1:00  Assimilator  
  17  1:07  Probe (Chrono Boost)  
  18  1:20  Pylon  
  18  1:21  Probe (Chrono Boost)  
  18  1:23  Assimilator  
  19  1:30  Pylon  
  19  1:37  Zealot (Chrono Boost)  
  21  1:42  Gateway  
  21  1:48  Probe  
  22  2:00  Probe  
Tags
 
Add a new tag
Caveats
  • Supply blocks, unpowered buildings, or Contaminate may cause inaccurate times.
  • Supply counts are checked every 10 seconds.